AoeStats
← Xtreme | ticohzao

QS Arena

503705653Analyzed
4v4 RM · 1mo ago on Sep 1, 2026· 42m 5s· 8 players
Game mode
Random Map
Map size
Large (8 player)
Population
200
Speed
Normal
Resources
Standard
Victory
Conquest
Starting age
Dark Age
Ending age
Imperial Age
RankedLock teamsTeams togetherTeam positionsShared explorationLock speedFull tech treeHidden civsTurbo modeCheats
Victory
Defeat
🇦🇷 Persians · Argentina
1536
+13
🇹🇷 Mapuche · Türkiye
1531
+13
🇨🇳 Armenians · China
1483
+15
🇲🇽 Huns · Mexico
1430
+18
🇭🇰 Bohemians · Hong Kong SAR China
1509
-17
🇧🇷 Persians · Brazil
1459
-14
🇧🇷 Italians · Brazil
1456
-29
🇧🇷 Khmer · Brazil
1445
-14
VX | Oblígame Perro!
8:59 Feudal Age
12:50 Castle Age
11:26 Double-Bit Axe
11:21 Horse Collar
13:53 Bow Saw
21:05 Wheelbarrow
21:02 Loom
22:39 Hand Cart
26:38 Imperial Age
24:51 Scale Barding Armor
24:48 Husbandry
24:43 Gold Mining
25:04 Forging
25:38 Bloodlines
25:53 Chain Barding Armor
26:28 Gold Shaft Mining
26:25 Scale Mail Armor
25:46 Pikeman
26:26 Squires
26:53 Halberdier
28:23 Chain Mail Armor
27:55 Arson
29:17 Two-Man Saw
28:18 Heavy Plow
29:02 Light Cavalry
29:29 Cavalier
31:01 Iron Casting
31:02 Plate Barding Armor
30:16 Hussar
31:36 Capped Ram
32:52 Stone Mining
34:03 Blast Furnace
33:04 Padded Archer Armor
34:53 Fletching
35:26 Ballistics
36:06 Chemistry
36:25 Siege Ram
37:40 Bodkin Arrow
38:00 Leather Archer Armor
38:47 Coinage
39:07 Bracer
39:18 Masonry
38:31 Elite Skirmisher
40:10 Conscription
40:11 Atheism
39:53 Marauders
39:14 Elite Tarkan
Kr4mer
7:40 Feudal Age
8:56 Double-Bit Axe
9:02 Horse Collar
11:39 Castle Age
12:24 Heavy Plow
18:04 Bow Saw
21:12 Gold Mining
23:43 Wheelbarrow
22:54 Loom
26:49 Imperial Age
25:57 Fletching
26:08 Padded Archer Armor
26:28 Malon
26:20 Treadmill Crane
27:26 Bodkin Arrow
28:00 Ballistics
28:40 Chemistry
28:04 Conscription
28:06 Butalmapu
28:57 Leather Archer Armor
29:17 Crop Rotation
31:03 Elite Bolas Rider
36:28 Elite Skirmisher
78088344
8:42 Feudal Age
9:48 Double-Bit Axe
12:52 Castle Age
10:47 Horse Collar
13:49 Bow Saw
21:06 Wheelbarrow
21:27 Heavy Plow
25:35 Imperial Age
22:52 Loom
23:17 Scale Mail Armor
23:02 Pikeman
23:42 Squires
24:27 Chain Mail Armor
23:44 Halberdier
24:44 Man-at-Arms
25:10 Gambesons
25:47 Forging
25:41 Long Swordsman
25:52 Capped Ram
26:46 Two-Handed Swordsman
27:23 Siege Ram
29:36 Fereters
31:20 Plate Mail Armor
31:05 Champion
33:53 Conscription
34:46 Iron Casting
37:38 Blast Furnace
40:45 Fletching
amtiky
5:47 Feudal Age
5:53 Loom
7:21 Fletching
8:17 Double-Bit Axe
10:05 Horse Collar
19:46 Castle Age
18:16 Gold Mining
21:06 Bow Saw
21:13 Heavy Plow
24:09 Bloodlines
23:59 Husbandry
27:18 Wheelbarrow
27:19 Gold Shaft Mining
27:51 Scale Barding Armor
28:22 Scale Mail Armor
30:01 Hand Cart
36:27 Imperial Age
34:19 Bodkin Arrow
34:52 Kamandaran
35:09 Padded Archer Armor
35:01 Stone Mining
34:59 Crossbowman
36:10 Thumb Ring
36:21 Leather Archer Armor
37:09 Conscription
37:11 Ballistics
37:52 Chemistry
38:16 Ring Archer Armor
42:29 Two-Man Saw
Xtreme | ticohzao
7:48 Feudal Age
12:18 Castle Age
10:12 Double-Bit Axe
13:16 Bow Saw
16:00 Loom
18:20 Horse Collar
20:44 Wheelbarrow
21:27 Gold Mining
23:09 Heavy Plow
25:06 Gold Shaft Mining
28:07 Imperial Age
25:24 Town Watch
25:55 Hand Cart
26:11 Scale Barding Armor
26:17 Forging
26:33 Stone Mining
26:51 Husbandry
27:02 Bloodlines
27:56 Chain Barding Armor
27:48 Cavalier
29:05 Iron Casting
29:37 Plate Barding Armor
29:21 Savar
38:34 Stone Shaft Mining
38:32 Light Cavalry
Xtreme | Rayden
8:25 Feudal Age
11:59 Castle Age
10:25 Double-Bit Axe
10:54 Horse Collar
14:34 Bow Saw
16:28 Loom
19:58 Wheelbarrow
19:08 Town Watch
20:21 Heavy Plow
20:14 Gold Mining
22:30 Gold Shaft Mining
25:03 Imperial Age
22:56 Husbandry
25:09 Forging
25:04 Scale Barding Armor
25:45 Bloodlines
26:06 Light Cavalry
27:44 Chain Barding Armor
28:32 Hand Cart
30:10 Plate Barding Armor
32:39 Chemistry
32:22 Hussar
34:13 Ballistics
35:15 Iron Casting
34:36 Fletching
34:37 Heavy Scorpion
36:01 Capped Ram
38:36 Blast Furnace
37:24 Siege Ram
LagiPup
8:51 Feudal Age
9:59 Loom
11:29 Fletching
19:09 Castle Age
18:04 Horse Collar
18:19 Double-Bit Axe
25:21 Wheelbarrow
29:36 Bow Saw
32:12 Imperial Age
31:30 Chemistry
34:07 Ballistics
33:54 Town Watch
34:25 Hand Cart
35:38 Pikeman
36:18 Squires
36:03 Arson
36:19 Scale Mail Armor
37:21 Chain Mail Armor
37:17 Forging
37:53 Padded Archer Armor
39:07 Conscription
38:54 Elite Hussite Wagon
El Procurador
8:31 Feudal Age
9:48 Horse Collar
10:00 Double-Bit Axe
12:25 Castle Age
12:30 Wheelbarrow
13:46 Bow Saw
19:05 Fletching
19:55 Bodkin Arrow
25:22 Imperial Age
23:06 Padded Archer Armor
23:33 Gold Mining
24:35 Ballistics
25:30 Leather Archer Armor
25:15 Stone Mining
27:04 Chemistry
26:08 Bracer
26:31 Conscription
27:34 Ring Archer Armor
27:23 Elite Genoese Crossbowman
29:59 Loom
34:49 Masonry
36:41 Two-Man Saw
35:48 Heavy Plow
Connection lost

Rejoining the realm…

Still unreachable

The connection could not be restored.

Session expired

The server has moved on; the page needs a fresh start.